 Dungeon Crawl Stone Soup version 0.27.0-1-g7a089689b8 (webtiles) character file.

Game seed: 8763382952937793772

1741893 KamiKatze the Slayer (level 27, 197/197 HPs)
             Began as a Gargoyle Berserker on July 31, 2021.
             Was the Champion of Trog.
             Escaped with the Orb
             ... and 3 runes on Aug 2, 2021!
             The game lasted 06:14:45 (70722 turns).

KamiKatze the Slayer (Gargoyle Berserker)          Turns: 70722, Time: 06:14:46

Health: 197/197    AC: 56    Str: 34    XL:     27
Magic:  23/23      EV: 15    Int:  8    God:    Trog [******]
Gold:   5558       SH: 24    Dex: 11    Spells: 26/26 levels left

rFire    + . .     SeeInvis .   a - +9 war axe (vamp)
rCold    + . .     Faith    .   j - +5 kite shield {AC+3}
rNeg     + + +     Spirit   .   G - +1 plate armour of Fedhas's Reproof {rC+ rN+ Regen+}
rPois    ∞         Reflect  .   E - +2 helmet
rElec    +         Harm     .   t - +2 cloak {Will+}
rCorr    +         Rampage  .   h - +2 pair of gloves
Will     +++..                  S - +2 pair of boots of Springtime {Int+2}
Stlth    ..........             V - amulet of regeneration
HPRegen  2.42/turn              A - ring of Ukkeb {rN+ rCorr Slay+4}
MPRegen  0.18/turn              Z - ring of protection from fire

@: flying, studying Invocations
A: sickness immunity, AC +20, big wings, negative energy resistance 1,
electricity resistance, torment resistance 1, petrification resistance, thin
skeletal structure 1, deformed body, dopey 1, evolution 1
0: Orb of Zot
}: 3/15 runes: barnacled, silver, gossamer
a: Renounce Religion, Berserk, Trog's Hand, Brothers in Arms


You escaped.
You worshipped Trog.
Trog was exalted by your worship.
You visited 12 branches of the dungeon, and saw 52 of its levels.
You visited the Abyss 3 times.
You visited 1 bazaar.
You also visited: Ice Cave and Wizlab.

You collected 10493 gold pieces.
You spent 4935 gold pieces at shops.

Inventory:

Hand Weapons
 a - a +9 vampiric war axe (weapon)
 b - the +8 mithril axe "Arga" {speed, Will+}
   (You took it off an ironbound preserver on level 5 of the Vaults)

   Attacks with this weapon are significantly faster.
   Will:      It increases your willpower.
 q - a +5 broad axe of flaming
 w - the +9 broad axe of Jinothui {freeze, MP+9 Int+2}
   (You found it on level 3 of the Depths)

   It freezes those it strikes, dealing additional cold damage.
   It can also slow down cold-blooded creatures.
   Int:       It affects your intelligence (+2).
   MP:        It affects your magic capacity (+9).
 I - a +4 broad axe of flaming
Missiles
 H - 6 throwing nets (quivered)
Armour
 h - a +2 pair of gloves (worn)
 j - a +5 kite shield of protection (worn)
 t - a +2 cloak of willpower (worn)
 E - a +2 helmet (worn)
 G - the +1 plate armour of Fedhas's Reproof (worn) {rC+ rN+ Regen+}
   (You bought it in a shop on level 3 of the Shoals)

   rC:        It protects you from cold.
   rN:        It protects you from negative energy.
   Regen:     It increases your rate of health regeneration.
 S - the +2 pair of boots of Springtime (worn) {Int+2}
   (You found it on level 3 of the Depths)

   Int:       It affects your intelligence (+2).
Jewellery
 l - a +6 ring of strength
 o - a ring of protection from cold
 A - the ring of Ukkeb (left hand) {rN+ rCorr Slay+4}
   (You acquired it on level 3 of the Depths)

   [ring of resist corrosion]

   Slay:      It affects your accuracy & damage with ranged weapons and melee
   (+4).
   rN:        It protects you from negative energy.
   rCorr:     It protects you from acid and corrosion.
 T - a ring of see invisible
 V - an amulet of regeneration (around neck)
 Z - a ring of protection from fire (right hand)
Wands
 k - a wand of iceblast (62)
 u - a wand of polymorph (38)
 x - a wand of paralysis (60)
 y - a wand of acid (34)
 z - a wand of digging (20)
 C - a wand of flame (157)
 D - a wand of mindburst (65)
 U - a wand of charming (7)
Scrolls
 g - 2 scrolls of fear
 m - 2 scrolls of summoning
 p - 31 scrolls of teleportation
 s - 4 scrolls of enchant weapon
 F - 4 scrolls of torment
 L - 11 scrolls of fog
 N - 5 scrolls of holy word
 O - 11 scrolls of blinking
 W - 30 scrolls of identify
Potions
 c - 27 potions of curing
 d - 3 potions of invisibility
 e - 13 potions of attraction
 i - 6 potions of heal wounds
 n - a potion of haste
 r - 12 potions of lignification
 B - 4 potions of might
 J - a potion of berserk rage
 R - a potion of mutation
 X - 3 potions of cancellation
Miscellaneous
 v - a tin of tremorstones (2/2)
 K - a phial of floods
 M - a condenser vane
 P - a box of beasts
 Y - a phantom mirror


   Skills:
 + Level 26.8 Fighting
 - Level 18.0 Axes
 + Level 23.8 Armour
 + Level 17.0 Dodging
 - Level 25.0 Shields
 + Level 18.8 Evocations


You had 26 spell levels left.
You didn't know any spells.
Your spell library was empty.

Dungeon Overview and Level Annotations

Branches:
Dungeon (15/15)            Temple (1/1) D:5            Lair (6/6) D:10
 Shoals (4/4) Lair:2       Spider (4/4) Lair:2        Slime (1/5) Lair:5
    Orc (2/2) D:11            Elf (3/3) Orc:2        Vaults (5/5) D:14
  Crypt (1/3) Vaults:2     Depths (5/5) D:15            Zot (5/5) Depths:5
  IceCv (visited)          WizLab (visited)

Altars:
Ashenzari
Cheibriados
Dithmenos
Elyvilon
Fedhas
Gozag
Hepliaklqana
Kikubaaqudgha
Makhleb
Nemelex Xobeh
Okawaru
Qazlal
Ru
Sif Muna
Trog
Uskayaw
Vehumet
Wu Jian
Xom
Yredelemnul
Zin
The Shining One
Beogh
Jiyva
Lugonu

Shops:
D:6 (   D:10 =   D:12 (   Orc:2 =(*[   Elf:2 =::[   Shoals:1 !
Shoals:3 *:[?*=   Vaults:5 (   Depths:3 !

Portals:
Hell: Depths:1 Depths:2 Depths:3 Depths:4 Depths:5
Abyss: Shoals:1 Depths:2 Depths:4
Pandemonium: Depths:2 Depths:3
Ziggurat: Depths:2

Annotations:
Shoals:1 1 runed translucent door, exclusion: door
Depths:2 3 runed translucent doors, exclusion: 3 doors, Poanarph's ghost, veteran GrVM
Zot:4 1 exclusion


Innate Abilities, Weirdness & Mutations

You are immune to sickness and miasma.
Your stone body is resilient. (AC +20)
You are immune to poison.
Your large and strong wings let you fly.
You resist negative energy. (rN+)
You are resistant to electric shocks. (rElec)
You are resistant to unholy torment.
You are immune to petrification.
You have a somewhat thin skeletal structure. (Dex +2, Stealth+)
Armour fits poorly on your strangely shaped body.
You are dopey. (Int -2)
You evolve.


Message History

There is a stone staircase leading down here.
A hellwing comes into view.
There is a stone staircase leading up here.
You fly upwards.
There is a stone staircase leading down here.
(D) Dungeon (T) Temple (L) Lair (A) Shoals (N) Spider Nest (M) Slime Pits (O) Orcish Mines (E) Elven Halls (V) Vaults (C) Crypt (U) Depths (H) Hell (Z) Zot
Where to? (* - list waypoints, Enter - D:1 @ (x,y), ? - help)
Your extra speed is starting to run out.
You feel yourself slow down.
There is a stone staircase leading up here.
You fly upwards.
There is a stone staircase leading down here.
Key pressed, stopping travel.
Unknown command.
Okay, then.
(D) Dungeon (T) Temple (L) Lair (A) Shoals (N) Spider Nest (M) Slime Pits (O) Orcish Mines (E) Elven Halls (V) Vaults (C) Crypt (U) Depths (H) Hell (Z) Zot
Where to? (* - list waypoints, Enter - D:1 @ (x,y), ? - help)
There is a stone staircase leading up here.
You fly upwards.
There is a stone staircase leading down here.
You see here a book of Maledictions.
There is a stone staircase leading up here.
You fly upwards.
There is a stone staircase leading down here.
There is a stone staircase leading up here.
You fly upwards.
There is a stone staircase leading down here.
There is a stone staircase leading up here.
You fly upwards.
There is a stone staircase leading down here.
There is a large open door here.
There is a staircase leading out of the dungeon here.
You can't go down here!
You have escaped!

######### ##.......#
######## #.#8####.#
#....... #.##....##
#.....(# #.##.@.##
#......# #.##...#
#......# ##.##.##
#.)...## ##''##
#.....#
#..##########.....#
#.................##
#############...>...
#.....## ####.##


There were no monsters in sight!

Vanquished Creatures
  3 orbs of fire
  6 dread liches
  8 ancient liches
  A juggernaut (Depths:1)
  Sojobo (Depths:1)
  6 Killer Klowns
  A curse toe (Zot:4)
  A caustic shrike (Depths:4)
  11 golden dragons
  Nikola (Spider:1)
  Jory (Vaults:2)
  Arachne (Spider:2)
  the Enchantress (Depths:1)
  A bone dragon (Abyss:1)
  A Brimstone Fiend (D:13)
  7 electric golems
  13 tentacled monstrosities
  Rupert (Lair:6)
  25 Orb Guardians (Zot:5)
  4 titans
  7 liches
  4 quicksilver dragons
  2 deep elf master archers (Elf:3)
  4 krakens
  7 sphinxes
  A tentacled starspawn (Abyss:2)
  6 death cobs
  10 shadow dragons
  12 tengu reavers
  17 storm dragons
  Kirke (Spider:3)
  9 draconian monks
  A revenant (Vaults:2)
  9 draconian knights
  13 fire giants
  13 frost giants
  An emperor scorpion (shapeshifter) (Depths:3)
  8 emperor scorpions
  2 ghost moths
  An orc warlord (Orc:1)
  10 draconian scorchers
  8 draconian shifters
  24 vault wardens
  8 deep elf sorcerers
  3 iron dragons
  4 draconian stormcallers
  A balrug (Depths:5)
  A juggernaut zombie (WizLab)
  A cacodemon (Depths:5)
  5 deep elf elementalists (Elf:3)
  23 ironbound preservers
  A reaper (Depths:5)
  33 very ugly things
  24 stone giants
  4 draconian annihilators
  5 spriggan defenders
  4 war gargoyles
  9 black draconians
  12 green draconians
  3 vampire knights
  5 deep elf demonologists (Elf:3)
  11 red draconians
  Azrael (Spider:1)
  An entropy weaver (Lair:2)
  6 dire elephants
  8 yellow draconians
  10 spark wasps
  15 purple draconians
  15 deep elf annihilators
  12 white draconians
  6 deep elf death magi
  14 fire dragons
  A green death (Depths:2)
  17 ettins
  2 merfolk javelineers (Shoals:4)
  2 mummy priests (WizLab)
  Josephine (D:11)
  11 merfolk impalers
  10 ice dragons
  A naga warrior (D:9)
  6 deep elf high priests
  9 great orbs of eyes
  34 vault guards
  12 yaktaur captains
  8 spriggan air magi
  A peacekeeper (Vaults:4)
  A hydra (shapeshifter) (Depths:4)
  9 hydras
  11 rakshasas
  A hell beast (Depths:3)
  4 ironbound thunderhulks
  6 ironbound frosthearts
  An ogre mage (Vaults:5)
  2 merfolk avatars
  6 boulder beetles
  5 two-headed ogres
  12 centaur warriors
  4 catoblepae
  A death knight (D:13)
  5 satyrs
  Erica (D:11)
  An alligator snapping turtle (Shoals:2)
  2 merfolk aquamancers (Shoals:4)
  9 deep troll shamans
  10 tengu warriors
  22 dancing weapons
  13 death yaks
  8 ironbound beastmasters
  A titan zombie (WizLab)
  An orc high priest (Orc:2)
  2 vampire magi
  16 deep troll earth magi
  Nergalle (D:11)
  A fire crab (shapeshifter) (Depths:4)
  2 thrashing horrors (Abyss:2)
  7 spriggan berserkers
  2 soul eaters
  18 deep elf knights
  2 wretched stars
  A salamander mystic (Depths:3)
  A shadow wraith (Vaults:5)
  5 sixfirhies
  12 skeletal warriors
  A sea snake (shapeshifter) (Elf:1)
  A spark wasp zombie (WizLab)
  9 iron trolls
  12 sea snakes
  92 deep trolls
  An anaconda zombie (Abyss:2)
  A death drake (shapeshifter) (Elf:1)
  2 storm dragon skeletons (Depths:3)
  A swamp dragon (Lair:6)
  7 orc knights
  5 glowing orange brains
  3 wolf spider zombies (Spider:1)
  2 flayed ghosts
  6 spectral wolf spiders (Spider:1)
  17 ironbound convokers
  3 phantasmal warriors
  15 deep elf archers
  9 lindwurms
  8 wizards
  An iron dragon zombie (D:15)
  3 oklob plants
  15 orb spiders
  A sphinx zombie (WizLab)
  32 deep elf zephyrmancers
  12 harpies
  4 necromancers
  27 deep elf pyromancers
  19 fauns
  39 wolf spiders
  42 ugly things
  A tengu skeleton (Vaults:2)
  5 salamanders (Depths:3)
  6 cyclopes
  6 orc sorcerers
  A frost giant zombie (Depths:3)
  A salamander (shapeshifter) (Vaults:5)
  15 elephants
  14 manticores
  A stone giant skeleton (Depths:1)
  14 moths of wrath
  4 torpor snails
  Joseph (D:8)
  6 black mambas
  10 vault sentinels
  2 rust devils
  An eye of devastation (Abyss:1)
  3 smoke demons
  4 apocalypse crabs
  11 merfolk sirens
  7 large abominations
  6 water nymphs
  A guardian serpent (shapeshifter) (D:15)
  2 ice statues (IceCv)
  Maurice (D:8)
  17 cane toads
  A hellion (Depths:2)
  2 yaktaur zombies
  3 gargoyles
  4 orange demons
  5 unseen horrors
  An elf zombie (WizLab)
  A kobold demonologist (D:13)
  A rime drake (shapeshifter) (D:15)
  17 yaktaurs
  7 tengu conjurers
  8 rime drakes
  9 komodo dragons
  2 freezing wraiths
  A hellwing (Abyss:1)
  12 demonic crawlers
  An efreet (D:14)
  A yaktaur skeleton (Vaults:2)
  5 trolls
  3 guardian mummies
  3 ice devils
  29 jumping spiders
  28 merfolk
  A hornet (shapeshifter) (Vaults:5)
  A tengu simulacrum (Vaults:1)
  Grinder (D:5)
  3 raiju (Abyss:2)
  2 wolf spider simulacra (Spider:1)
  10 hornets
  9 wind drakes
  19 blink frogs
  A deep troll zombie (WizLab)
  An ice dragon zombie (D:15)
  2 dream sheep (Lair:6)
  3 spriggan zombies
  A fire dragon zombie (WizLab)
  A frost giant simulacrum (Depths:3)
  Sigmund (D:2)
  8 snapping turtles
  43 slime creatures
  13 starcursed masses (Abyss:2)
  2 ettin zombies
  3 shadows
  2 dream sheep (shapeshifter) (Vaults:5)
  4 flying skulls (Abyss:2)
  70 redbacks
  8 spriggans
  An air elemental (Elf:1)
  9 water elementals
  31 tarantellas
  A fire dragon skeleton (D:15)
  8 wraiths
  A ynoxinul (D:11)
  A black mamba skeleton (Abyss:1)
  10 wyverns
  7 basilisks
  A neqoxec (Depths:2)
  50 yaks
  8 fire elementals
  4 hogs (Spider:3)
  2 steam dragons (Lair:6)
  3 chaos spawn (Abyss:1)
  A human zombie (WizLab)
  12 vampire mosquitoes
  Menkaure (D:5)
  A swamp worm (shapeshifter) (Vaults:3)
  2 tengu zombies
  3 wargs
  6 acid dragons
  21 water moccasins
  34 orc warriors
  A hell hound (Spider:1)
  3 swamp drakes (Lair:6)
  3 ice beasts
  2 black bears
  5 ogres
  17 wolves
  9 centaurs
  A centaur (shapeshifter) (Vaults:5)
  3 kobold brigands
  8 bullfrogs
  A glowing shapeshifter simulacrum (Depths:1)
  4 scorpions
  A gnoll sergeant (D:12)
  A water moccasin zombie (D:5)
  2 wyvern skeletons (D:6)
  5 small abominations (Abyss:2)
  4 lindwurm simulacra (IceCv)
  2 howler monkeys
  5 electric eels
  6 centaur zombies
  3 bullfrog zombies
  4 hounds
  2 quasits (Abyss:1)
  2 jellies
  6 komodo dragon simulacra (IceCv)
  A gnoll shaman (Orc:1)
  14 orc priests
  2 iron imps (Abyss:1)
  Crazy Yiuf (D:3)
  Terence (D:3)
  6 iguanas
  25 orc wizards
  Ijyb (D:3)
  A lightning spire (Zot:2)
  15 gnolls
  6 acid dragon simulacra (IceCv)
  4 adders
  A shadow imp (D:5)
  4 white imps
  3 ufetubi
  5 steam dragon simulacra (IceCv)
  An adder zombie (D:5)
  3 dart slugs
  76 orcs
  8 endoplasms
  4 giant cockroaches
  3 goblins
  A hobgoblin (D:2)
  3 jackals (D:4)
  5 quokkas
  8 ball pythons
  3 bats
  4 frilled lizards
  21 kobolds
  5 rats
  A bush (Lair:5)
  2 butterflies (Lair:1)
  2 starspawn tentacles (Abyss:2)
  11 tentacles
2282 creatures vanquished.

Vanquished Creatures (collateral kills)
  An orb of fire (Zot:5)
  A lich (Depths:1)
  A storm dragon (Depths:1)
  A spriggan defender (Depths:1)
  A spriggan berserker (Depths:1)
5 creatures vanquished.

Vanquished Creatures (others)
  A deep elf sorcerer (Elf:3)
  A ghost moth (Spider:4)
  2 draconian knights
  An ironbound preserver (Vaults:2)
  A draconian stormcaller (Zot:4)
  A vampire knight (Depths:1)
  2 merfolk aquamancers (Shoals:4)
  A deep troll earth mage (Vaults:5)
  A deep elf zephyrmancer (Elf:1)
  An ugly thing (Vaults:2)
  An elephant (Lair:6)
  A demonic crawler (Spider:1)
  A rime drake (IceCv)
  A hornet (Zot:4)
  3 redbacks (Spider:1)
  2 orcs (Vaults:5)
  55 fungi
  157 plants
  2 starspawn tentacles (Abyss:2)
  16 tentacles
  2 withered plants (D:15)
253 creatures vanquished.

Grand Total: 2540 creatures vanquished

Notes
Turn   | Place    | Note
-------+----------+-------------------------------------------
     0 | D:1      | KamiKatze the Gargoyle Berserker began the quest for the
                  | Orb.
     0 | D:1      | Reached XP level 1. HP: 14/14 MP: 1/1
   399 | D:1      | Reached XP level 2. HP: 12/19 MP: 2/2
   808 | D:2      | You fall into a shaft and drop 1 floor!
   919 | D:2      | Noticed Sigmund
   928 | D:1      | Reached XP level 3. HP: 21/23 MP: 3/3
  1249 | D:2      | Killed Sigmund
  1250 | D:2      | Reached skill level 4 in Fighting
  1250 | D:2      | Reached XP level 4. HP: 14/29 MP: 4/4
  1250 | D:2      | Reached XP level 5. HP: 16/33 MP: 5/5
  1642 | D:2      | Reached ** piety under Trog
  1941 | D:3      | Found a runed translucent door.
  1942 | D:3      | Noticed Crazy Yiuf
  1952 | D:3      | Killed Crazy Yiuf
  1953 | D:3      | Reached XP level 6. HP: 38/38 MP: 6/6
  2047 | D:3      | Noticed Terence
  2053 | D:3      | Killed Terence
  2414 | D:3      | You fall into a shaft and drop 2 floors!
  2414 | D:5      | Entered Level 5 of the Dungeon
  2671 | D:5      | Noticed a water moccasin
  2681 | D:5      | Killed a water moccasin
  2682 | D:5      | Reached XP level 7. HP: 44/44 MP: 7/7
  2736 | D:4      | Found an opulent altar of Gozag.
  2943 | D:3      | Found a faded altar of an unknown god.
  3035 | D:3      | Noticed Ijyb
  3043 | D:3      | Reached skill level 5 in Axes
  3048 | D:3      | Killed Ijyb
  3162 | D:3      | Reached skill level 5 in Fighting
  3868 | D:4      | Reached *** piety under Trog
  4717 | D:5      | Noticed Menkaure
  4724 | D:5      | Killed Menkaure
  4725 | D:5      | Reached XP level 8. HP: 50/50 MP: 8/8
  5012 | D:5      | Found a staircase to the Ecumenical Temple.
  5050 | Temple   | Entered the Ecumenical Temple
  5288 | D:5      | Noticed Grinder
  5311 | D:5      | Killed Grinder
  5312 | D:5      | Reached skill level 1 in Evocations
  5362 | D:5      | Found a bloodstained altar of Trog.
  5368 | D:5      | Found a hide-covered altar of Uskayaw.
  5794 | D:5      | Reached skill level 5 in Armour
  5977 | D:6      | Reached skill level 6 in Fighting
  6097 | D:6      | Reached XP level 9. HP: 47/56 MP: 9/9
  6258 | D:6      | Found Qemuwk's Antique Weapon Shop.
  6608 | D:6      | Reached skill level 7 in Fighting
  6664 | D:6      | Identified the +7 mace of Distant Worlds {vorpal, Str+6}
  6759 | D:6      | Reached **** piety under Trog
  7340 | D:8      | Found a glowing silver altar of Zin.
  7348 | D:8      | Found a hazy altar of Hepliaklqana.
  7350 | D:8      | Found an iron altar of Okawaru.
  7350 | D:8      | Found a sparkling altar of Nemelex Xobeh.
  7350 | D:8      | Found an ancient bone altar of Kikubaaqudgha.
  7351 | D:8      | Found an ornate altar of the Wu Jian Council.
  7352 | D:8      | Found a snail-covered altar of Cheibriados.
  7355 | D:8      | Found a shadowy altar of Dithmenos.
  7356 | D:8      | Found a white marble altar of Elyvilon.
  7384 | D:8      | Noticed Maurice
  7400 | D:8      | Killed Maurice
  7527 | D:8      | Reached XP level 10. HP: 62/64 MP: 10/10
  7559 | D:8      | Reached skill level 8 in Fighting
  7679 | D:8      | Found a broken altar of Ashenzari.
  8095 | D:8      | Noticed Joseph
  8116 | D:8      | Killed Joseph
  8631 | D:9      | Noticed a centaur warrior
  8635 | D:9      | Found a large runed translucent door.
  8635 | D:9      | Found a large runed translucent door.
  8642 | D:9      | Noticed a naga warrior
  8643 | D:9      | Noticed a two-headed ogre
  9007 | D:10     | Entered Level 10 of the Dungeon
  9031 | D:10     | Noticed a two-headed ogre
  9050 | D:10     | Killed a two-headed ogre
  9051 | D:10     | Reached skill level 10 in Axes
  9147 | D:10     | Reached skill level 9 in Fighting
  9416 | D:10     | Reached XP level 11. HP: 41/71 MP: 11/11
  9600 | D:10     | Found a staircase to the Lair.
 10149 | D:10     | Found Cyimnote's Jewellery Shop.
 10783 | D:11     | Reached ***** piety under Trog
 10851 | D:11     | Found a staircase to the Orcish Mines.
 10911 | D:11     | Noticed Nergalle
 10936 | D:11     | Killed Nergalle
 10981 | D:11     | Noticed a six-headed hydra
 10993 | D:11     | Killed a 12-headed hydra
 11154 | D:11     | Noticed a four-headed hydra
 11229 | D:11     | Noticed Josephine
 11229 | D:11     | Noticed a two-headed ogre
 11261 | D:10     | Killed a two-headed ogre
 11262 | D:10     | Reached skill level 10 in Fighting
 11521 | D:11     | Killed Josephine
 11850 | D:11     | Reached skill level 10 in Armour
 11850 | D:11     | Reached XP level 12. HP: 78/78 MP: 12/12
 12087 | D:11     | Noticed a two-headed ogre
 12110 | D:11     | Killed a two-headed ogre
 12246 | D:11     | Killed a four-headed hydra
 12313 | D:11     | Noticed Erica
 12339 | D:11     | Killed Erica
 12413 | D:11     | Noticed an eight-headed hydra
 12533 | D:11     | Killed an eight-headed hydra
 12853 | Lair:1   | Entered Level 1 of the Lair of Beasts
 12939 | D:10     | Reached skill level 5 in Evocations
 13343 | Lair:1   | Reached skill level 11 in Fighting
 14082 | Lair:2   | Found a hole to the Spider Nest.
 14143 | Lair:2   | Found a snail-covered altar of Cheibriados.
 14184 | Lair:2   | Reached XP level 13. HP: 38/84 MP: 13/13
 14195 | Lair:2   | Found a staircase to the Shoals.
 14307 | Lair:2   | Received a gift from Trog
 14515 | Lair:2   | Found a frozen archway.
 14558 | IceCv    | Entered an ice cave
 15069 | IceCv    | Identified the +10 glaive "Fatot" {venom, Contam MP+9 Dex+7
                  | Stlth-}
 15249 | IceCv    | Noticed an ice dragon
 15294 | IceCv    | Killed an ice dragon
 16391 | Lair:3   | Reached skill level 5 in Shields
 18018 | Lair:4   | Gained mutation: Your large and strong wings let you fly.
                  | [Gargoyle growth]
 18018 | Lair:4   | Reached XP level 14. HP: 63/91 MP: 4/14
 18454 | Lair:4   | Received a gift from Trog
 18557 | Lair:4   | Reached skill level 10 in Shields
 19151 | Lair:5   | Found a sparkling altar of Nemelex Xobeh.
 19270 | Lair:5   | Identified a scroll of acquirement
 19727 | Lair:5   | Found a viscous altar of Jiyva.
 19728 | Lair:5   | Found a staircase to the Slime Pits.
 20057 | Lair:6   | Entered Level 6 of the Lair of Beasts
 21068 | Lair:5   | Received a gift from Trog
 21498 | Lair:6   | Reached skill level 12 in Fighting
 21745 | Lair:6   | Reached XP level 15. HP: 96/96 MP: 5/15
 21847 | Lair:6   | Identified the ring "Kyufeodu" {MP+9 Str+5}
 21847 | Lair:6   | Noticed Rupert
 21875 | Lair:6   | Killed Rupert
 22775 | Lair:6   | Identified the +2 scale mail "Pynlop" {-Tele rN+ Str+4}
 23767 | Orc:1    | Entered Level 1 of the Orcish Mines
 23931 | Orc:1    | Received a gift from Trog
 24052 | Orc:2    | Entered Level 2 of the Orcish Mines
 24063 | Orc:2    | Found a staircase to the Elven Halls.
 24412 | Orc:2    | Noticed an orc warlord
 24594 | Orc:1    | Killed an orc warlord
 24845 | Orc:2    | Found Ciest's Jewellery Emporium.
 24873 | Orc:2    | Found Vocuxt's General Store.
 24971 | Orc:2    | Found Biatik's Antique Armour Emporium.
 24986 | Orc:2    | Found Vetevueh's Antique Weapon Emporium.
 25076 | Orc:2    | Received a gift from Trog
 25349 | Orc:2    | Bought a scroll of magic mapping for 59 gold pieces
 25456 | D:12     | Found Rik Feit's Antique Weapon Shoppe.
 25499 | D:12     | Found a stormy altar of Qazlal.
 25872 | D:12     | Reached skill level 15 in Shields
 25910 | D:12     | Acquired a manual of Shields
 26465 | D:13     | Received a gift from Trog
 27155 | D:13     | Reached skill level 5 in Dodging
 27427 | D:14     | Reached XP level 16. HP: 85/103 MP: 16/16
 27625 | D:13     | Reached skill level 13 in Fighting
 27940 | D:14     | Found a gate to the Vaults.
 28830 | D:14     | You are sucked into a shaft and drop 1 floor!
 28830 | D:15     | Entered Level 15 of the Dungeon
 28834 | D:15     | Found a staircase to the Depths.
 29204 | D:15     | Reached ****** piety under Trog
 30107 | Orc:2    | Bought a twisted chain mail for 294 gold pieces
 30107 | Orc:2    | Identified the +4 chain mail "Moduuwk" {Regen+ rCorr Dex-2}
                  | (You bought it in a shop on level 2 of the Orcish Mines)
 30261 | Orc:2    | Bought a ring of see invisible for 180 gold pieces
 30343 | D:12     | Bought an ichor-stained morningstar for 288 gold pieces
 30343 | D:12     | Identified the +5 morningstar of Delightful Honour {freeze,
                  | *Rage rElec rF+ Dex+4} (You bought it in a shop on level 12
                  | of the Dungeon)
 30468 | Spider:1 | Entered Level 1 of the Spider Nest
 30499 | Spider:1 | Reached skill level 15 in Axes
 30648 | Spider:1 | Noticed Azrael
 30689 | Spider:1 | Killed Azrael
 30775 | Spider:1 | Received a gift from Trog
 31104 | Spider:1 | Identified the +11 flail "Asyasuut" {spect, rPois rF-
                  | rCorr}
 31210 | Spider:1 | Reached XP level 17. HP: 109/109 MP: 17/17
 31386 | Spider:1 | Noticed Nikola
 31411 | Spider:1 | Killed Nikola
 31938 | Spider:2 | Received a gift from Trog
 33005 | Spider:3 | Noticed Arachne
 33113 | Spider:2 | Killed Arachne
 33262 | Spider:3 | Reached skill level 14 in Fighting
 33789 | Spider:4 | Entered Level 4 of the Spider Nest
 33814 | Spider:4 | Noticed Kirke
 33892 | Spider:3 | Killed Kirke
 33975 | Spider:4 | Received a gift from Trog
 34450 | Spider:4 | Reached XP level 18. HP: 116/116 MP: 18/18
 35075 | Spider:4 | Received a gift from Trog
 35108 | Spider:4 | Got a gossamer rune of Zot
 35382 | Orc:2    | Bought a glowing scarf for 248 gold pieces
 35597 | Shoals:1 | Entered Level 1 of the Shoals
 35978 | Shoals:1 | Found a runed translucent door.
 36121 | Shoals:1 | Found Piotz's Distillery.
 36422 | Shoals:1 | Found a corrupted altar of Lugonu.
 36422 | Shoals:1 | Found a one-way gate to the infinite horrors of the Abyss.
 37165 | Shoals:3 | Found Vouphyorch's Magic Scroll Shop.
 37274 | Shoals:3 | Found Nissuij's Assorted Antiques.
 37274 | Shoals:3 | Found Renuipoh's Antique Armour Shoppe.
 37361 | Shoals:3 | Found Emuheg's Jewellery Emporium.
 37459 | Shoals:3 | Reached skill level 10 in Evocations
 37502 | Shoals:3 | Received a gift from Trog
 37574 | Shoals:3 | Bought a pair of warped gloves for 294 gold pieces
 37574 | Shoals:3 | Identified the +0 pair of gloves of Eternal Night {rPois
                  | rN+ Int+3} (You bought it in a shop on level 3 of the
                  | Shoals)
 37968 | Shoals:3 | Found Josoac's Self-Improvement Boutique.
 38161 | Shoals:3 | Found Etetun's General Store.
 38444 | Shoals:4 | Entered Level 4 of the Shoals
 38611 | Shoals:4 | Reached XP level 19. HP: 123/123 MP: 19/19
 38923 | Shoals:4 | Reached skill level 15 in Fighting
 39678 | Shoals:4 | Got a barnacled rune of Zot
 40116 | D:9      | Found an iron altar of Okawaru.
 40116 | D:9      | Found an iron altar of Okawaru.
 40127 | D:9      | Received a gift from Trog
 40128 | D:9      | Found the +14 obsidian axe {vorpal, Drain Fly SInv}
 40158 | D:9      | Identified the +7 hunting sling "Gilul" {freeze, rPois rF++
                  | Str+3 Dex-5}
 40314 | Vaults:1 | Entered Level 1 of the Vaults
 40417 | Vaults:1 | Found a flickering gateway to a bazaar.
 40426 | Bazaar   | Entered a bazaar
 40428 | Bazaar   | Found Ynosch's Book Boutique.
 40432 | Bazaar   | Found Fagez's Antique Armour Boutique.
 40432 | Bazaar   | Found Cabb's Jewellery Boutique.
 40433 | Bazaar   | Found Oruegal's Antique Weapon Boutique.
 40478 | Bazaar   | Bought a faintly humming chain mail for 266 gold pieces
 40478 | Bazaar   | Identified the +14 chain mail of Hyrrent {Str+7 Int-4} (You
                  | bought it in a shop in a bazaar)
 40907 | Vaults:1 | Paralysed by a great orb of eyes for 4 turns
 41281 | Vaults:1 | Acquired a manual of Fighting
 41373 | Vaults:1 | Identified the +1 scale mail "Hofuhal" {Rampage rN+}
 41534 | Vaults:1 | Reached XP level 20. HP: 128/130 MP: 20/20
 41849 | Vaults:2 | Received a gift from Trog
 41947 | Vaults:2 | Reached skill level 16 in Fighting
 42166 | Vaults:2 | Reached skill level 15 in Armour
 42374 | Vaults:2 | Found a staircase to the Crypt.
 42388 | Vaults:2 | Received a gift from Trog
 43001 | Vaults:2 | Noticed Jory
 43089 | Vaults:2 | Killed Jory
 43333 | Vaults:3 | Reached skill level 17 in Fighting
 43453 | Vaults:3 | Reached XP level 21. HP: 122/139 MP: 21/21
 43934 | Vaults:3 | Received a gift from Trog
 44264 | Vaults:3 | Noticed an ancient lich
 44295 | Vaults:3 | Killed an ancient lich
 44447 | Vaults:3 | Identified the +1 plate armour of Reynlufa {rPois rC+}
 44586 | Vaults:3 | Reached skill level 18 in Fighting
 44919 | Vaults:4 | Found a magical portal.
 44928 | WizLab   | Entered Doroklohe's Tomb
 45213 | WizLab   | Noticed an ancient lich
 45246 | WizLab   | Killed an ancient lich
 45308 | WizLab   | Identified the +3 helmet "Puch" {Rampage rElec rN+ Dex-2}
 45371 | WizLab   | Received a gift from Trog
 46164 | Vaults:4 | Reached XP level 22. HP: 148/148 MP: 22/22
 46885 | Depths:1 | Entered Level 1 of the Depths
 47111 | Depths:1 | Received a gift from Trog
 47131 | Depths:1 | Reached skill level 19 in Fighting
 47344 | Depths:1 | Noticed Sojobo
 47391 | Depths:1 | Paralysed by an air elemental for 1 turns
 47437 | Depths:1 | Paralysed by an air elemental for 1 turns
 47469 | Depths:1 | Killed Sojobo
 47548 | Depths:1 | Found a gateway to Hell.
 47701 | Depths:1 | Noticed the Enchantress
 47786 | Depths:1 | Killed the Enchantress
 47861 | Depths:1 | Found a sacrificial altar of Ru.
 48072 | Depths:1 | Received a gift from Trog
 48173 | Depths:1 | You are sucked into a shaft and drop 1 floor!
 48630 | Depths:2 | Noticed a juggernaut
 48672 | Depths:1 | Killed a juggernaut
 48722 | Depths:1 | Reached XP level 23. HP: 156/156 MP: 23/23
 48759 | Depths:1 | Reached skill level 20 in Fighting
 48896 | Depths:2 | Paralysed by a great orb of eyes for 7 turns
 48980 | Depths:2 | Paralysed by a great orb of eyes for 3 turns
 49068 | Depths:2 | Received a gift from Trog
 49194 | Depths:2 | Identified the +0 hat of the Farrier {rC++ rCorr Int-3
                  | Dex-2}
 49228 | Depths:2 | Found a runed translucent gate.
 49228 | Depths:2 | Found a runed translucent gate.
 49228 | Depths:2 | Found a runed translucent gate.
 49314 | Depths:2 | Noticed Poanarph's ghost (veteran GrVM)
 49458 | Depths:2 | Found a gateway to a ziggurat.
 49742 | Depths:2 | Found a one-way gate leading to the halls of Pandemonium.
 49927 | Depths:2 | Found a corrupted altar of Lugonu.
 50207 | Depths:3 | Cast into level 1 of the Abyss (salamander)
 50573 | Abyss:1  | Received a gift from Trog
 50678 | Depths:3 | Escaped the Abyss
 50688 | Depths:3 | Reached skill level 10 in Dodging
 51343 | Depths:3 | Found a bloodstained altar of Trog.
 51520 | Depths:3 | Found Narghey's Distillery.
 51610 | Depths:3 | Reached XP level 24. HP: 160/161 MP: 23/23
 51849 | Depths:3 | Received a gift from Trog
 51864 | Depths:3 | Identified the +2 pair of boots of Springtime {Int+2}
 51870 | Depths:3 | Identified the amulet "Wumpor" {RegenMP Fragile rF- Str+6
                  | Dex+2}
 51871 | Depths:3 | Identified the +9 broad axe of Jinothui {freeze, MP+9
                  | Int+2}
 51902 | Depths:3 | Identified the +1 ring mail "Ompop" {rElec rN+ Int-2}
 51927 | Depths:3 | Acquired 778 gold pieces
 52431 | Depths:4 | Paralysed by a sphinx for 7 turns
 52897 | Depths:4 | Received a gift from Trog
 53058 | Depths:4 | Reached skill level 21 in Fighting
 53164 | Depths:4 | Paralysed by a vampire knight for 6 turns
 53235 | Depths:4 | Noticed a caustic shrike
 53256 | Depths:4 | Killed a caustic shrike
 53770 | Depths:5 | Entered Level 5 of the Depths
 54116 | Depths:5 | Reached XP level 25. HP: 157/171 MP: 0/23
 54130 | Depths:5 | Received a gift from Trog
 54520 | Depths:5 | Found a gate to the Realm of Zot.
 54888 | Depths:5 | Found a glowing golden altar of the Shining One.
 55452 | Slime:1  | Entered Level 1 of the Pits of Slime
 55660 | Elf:1    | Entered Level 1 of the Elven Halls
 56267 | Elf:1    | Paralysed by an air elemental for 1 turns
 56272 | Elf:1    | Paralysed by an air elemental for 1 turns
 56346 | Elf:1    | Received a gift from Trog
 56502 | Elf:1    | You are sucked into a shaft and drop 1 floor!
 56509 | Elf:2    | Cast into level 2 of the Abyss (+2 quick blade of
                  | distortion)
 56509 | Abyss:2  | Found a corrupted altar of Lugonu.
 56955 | Elf:2    | Escaped the Abyss
 57025 | Elf:2    | Received a gift from Trog
 57147 | Elf:2    | Found a runed translucent gate.
 57151 | Elf:2    | Found a runed translucent gate.
 57152 | Elf:2    | Found a runed translucent gate.
 57355 | Elf:2    | Found Ogguopt's Jewellery Shop.
 57355 | Elf:2    | Found Gasmegicki's Book Emporium.
 57356 | Elf:2    | Found Hutiesig's Book Emporium.
 57539 | Elf:2    | Found Peluar's Antique Armour Shop.
 57547 | Elf:2    | Bought a shiny helmet for 202 gold pieces
 57773 | Elf:3    | Entered Level 3 of the Elven Halls
 57878 | Elf:3    | Reached skill level 22 in Fighting
 57960 | Elf:2    | Found a shimmering blue altar of Sif Muna.
 58947 | Elf:3    | Reached XP level 26. HP: 179/179 MP: 23/23
 58964 | Elf:3    | Received a gift from Trog
 58987 | Elf:3    | Cast into level 2 of the Abyss (a deep elf sorcerer)
 59041 | Elf:3    | Escaped the Abyss
 59268 | Elf:3    | Identified the amulet "Mobionk" {Faith Str+6}
 59505 | Elf:3    | Received a gift from Trog
 59565 | Elf:3    | Identified the +0 chain mail "Toenetti" {rCorr}
 59905 | Crypt:1  | Entered Level 1 of the Crypt
 60440 | Vaults:5 | Entered Level 5 of the Vaults
 60462 | Vaults:5 | Paralysed by a floating eye for 3 turns
 60480 | Vaults:5 | Noticed an ancient lich
 60503 | Vaults:4 | Reached skill level 15 in Evocations
 60518 | Vaults:4 | Killed an ancient lich
 60530 | Vaults:5 | Reached skill level 23 in Fighting
 60574 | Vaults:4 | Received a gift from Trog
 60676 | Vaults:5 | Identified the +8 dagger of Dung {holy, rF- rCorr Stlth+}
 61075 | Vaults:5 | Identified the +3 scythe of Yesterday {flame, rF++}
 61136 | Vaults:5 | Found Puq Rocomm's Weapon Shop.
 61136 | Vaults:5 | Identified the +7 long sword of Extremism {pain, Fly Will++
                  | Str-5 Int+3}
 61173 | Vaults:5 | Reached XP level 27. HP: 169/188 MP: 23/23
 61326 | Vaults:5 | Identified the +9 mace "Cunuasick" {vorpal, rN++ rCorr
                  | Str-4 Int+3}
 61557 | Vaults:5 | Noticed a dread lich
 61587 | Vaults:5 | Killed a dread lich
 61587 | Vaults:5 | Identified the +7 war axe "Idevolik" {vorpal, Will+} (Trog
                  | gifted it to you on level 5 of the Vaults)
 61587 | Vaults:5 | Received a gift from Trog
 61810 | Vaults:5 | Got a silver rune of Zot
 62546 | Shoals:3 | Bought a spiked plate armour for 868 gold pieces
 62546 | Shoals:3 | Identified the +1 plate armour of Fedhas's Reproof {rC+ rN+
                  | Regen+} (You bought it in a shop on level 3 of the Shoals)
 62587 | Shoals:3 | Acquired the ring of Ukkeb {rN+ rCorr Slay+4}
 62813 | Shoals:3 | Bought a scroll of enchant armour for 97 gold pieces
 62846 | Shoals:3 | Bought a scroll of enchant armour for 135 gold pieces
 62846 | Shoals:3 | Bought a scroll of enchant weapon for 135 gold pieces
 62846 | Shoals:3 | Bought a scroll of teleportation for 54 gold pieces
 62846 | Shoals:3 | Bought a scroll of holy word for 135 gold pieces
 62846 | Shoals:3 | Bought a scroll of blinking for 135 gold pieces
 62846 | Shoals:3 | Bought a scroll of teleportation for 54 gold pieces
 62876 | Shoals:3 | Bought a potion of heal wounds for 155 gold pieces
 62876 | Shoals:3 | Bought a scroll of enchant armour for 232 gold pieces
 62928 | Shoals:1 | Bought 2 potions of curing for 96 gold pieces
 62928 | Shoals:1 | Bought 2 potions of haste for 320 gold pieces
 62928 | Shoals:1 | Bought a potion of curing for 48 gold pieces
 62928 | Shoals:1 | Bought a potion of curing for 48 gold pieces
 62928 | Shoals:1 | Bought a potion of mutation for 128 gold pieces
 62928 | Shoals:1 | Bought a potion of curing for 48 gold pieces
 62928 | Shoals:1 | Bought 3 potions of heal wounds for 240 gold pieces
 62928 | Shoals:1 | Bought a potion of curing for 48 gold pieces
 62928 | Shoals:1 | Bought a potion of invisibility for 128 gold pieces
 63655 | Zot:1    | Entered Level 1 of the Realm of Zot
 63669 | Zot:1    | Reached skill level 24 in Fighting
 63725 | Zot:1    | You are sucked into a shaft and drop 1 floor!
 64399 | Zot:1    | Noticed an orb of fire
 64412 | Zot:1    | Gained mutation: Your body sometimes deteriorates upon
                  | taking damage. [an orb of fire]
 64421 | Zot:1    | Gained mutation: You tend to lose your temper in combat.
                  | [an orb of fire]
 64427 | Zot:1    | Gained mutation: You are frail. (-10% HP) [an orb of fire]
 64428 | Zot:1    | Killed an orb of fire
 64482 | Zot:1    | Lost mutation: Your body sometimes deteriorates upon taking
                  | damage. [potion of mutation]
 64482 | Zot:1    | Gained mutation: You evolve. [potion of mutation]
 64482 | Zot:1    | Gained mutation: You expend magic power (3 MP) to
                  | strengthen your wands. [potion of mutation]
 64483 | Zot:1    | Lost mutation: You expend magic power (3 MP) to strengthen
                  | your wands. [potion of mutation]
 64483 | Zot:1    | Lost mutation: You tend to lose your temper in combat.
                  | [potion of mutation]
 64483 | Zot:1    | Gained mutation: You possess an exceptional clarity of
                  | mind. [potion of mutation]
 64483 | Zot:1    | Lost mutation: You possess an exceptional clarity of mind.
                  | [potion of mutation]
 64484 | Zot:1    | Lost mutation: You are frail. (-10% HP) [potion of
                  | mutation]
 64484 | Zot:1    | Gained mutation: Your body sometimes deteriorates upon
                  | taking damage. [potion of mutation]
 64484 | Zot:1    | Gained mutation: You are agile. (Dex +2) [potion of
                  | mutation]
 64548 | Zot:1    | You are sucked into a shaft and drop 1 floor!
 64802 | Zot:1    | Identified the +7 broad axe of the Pyrrhic Victory {flame,
                  | rElec rF- rN++ SInv} (Trog gifted it to you on level 1 of
                  | the Realm of Zot)
 64802 | Zot:1    | Received a gift from Trog
 65140 | Zot:2    | Gained mutation: You expend magic power (3 MP) to
                  | strengthen your wands. [evolution]
 65499 | Zot:2    | Reached skill level 25 in Fighting
 66253 | Zot:3    | Reached skill level 15 in Dodging
 66416 | Zot:3    | Received a gift from Trog
 67962 | Zot:5    | Entered Level 5 of the Realm of Zot
 68393 | Zot:5    | Received a gift from Trog
 68582 | Zot:5    | Noticed an ancient lich
 68600 | Zot:5    | Killed an ancient lich
 68601 | Zot:5    | Reached skill level 26 in Fighting
 68621 | Zot:5    | Noticed a dread lich
 68626 | Zot:5    | Noticed an ancient lich
 68631 | Zot:5    | Killed a dread lich
 68643 | Zot:5    | Killed an ancient lich
 68689 | Zot:5    | Noticed a dread lich
 68722 | Zot:5    | Noticed an ancient lich
 68749 | Zot:5    | Paralysed by something for 4 turns
 68752 | Zot:5    | HP: 6/196 [Orb Guardian (16)]
 68780 | Zot:5    | Killed an ancient lich
 68785 | Zot:5    | Killed a dread lich
 68968 | Zot:5    | Noticed an orb of fire
 68977 | Zot:5    | Gained mutation: You are frail. (-10% HP) [an orb of fire]
 68995 | Zot:5    | Killed an orb of fire
 69188 | Zot:5    | Noticed an ancient lich
 69189 | Zot:5    | Noticed a dread lich
 69220 | Zot:5    | Killed an ancient lich
 69229 | Zot:5    | Killed a dread lich
 69318 | Zot:5    | Noticed an orb of fire
 69331 | Zot:5    | Lost mutation: Your body sometimes deteriorates upon taking
                  | damage. [an orb of fire]
 69331 | Zot:5    | Gained mutation: You sometimes lose the ability to read
                  | scrolls when taking damage. [an orb of fire]
 69332 | Zot:5    | HP: 2/176 [orb of fire/fireball (24)]
 69333 | Zot:5    | Gained mutation: Your body sometimes deteriorates upon
                  | taking damage. [an orb of fire]
 69335 | Zot:5    | Gained mutation: You are dopey. (Int -2) [an orb of fire]
 69344 | Zot:5    | Gained mutation: Your body often deteriorates upon taking
                  | damage. [an orb of fire]
 69350 | Zot:5    | Killed an orb of fire
 69350 | Zot:5    | Received a gift from Trog
 69470 | Zot:5    | Noticed a dread lich
 69516 | Zot:5    | Killed a dread lich
 69717 | Zot:5    | Lost mutation: Your body often deteriorates upon taking
                  | damage. [potion of mutation]
 69717 | Zot:5    | Lost mutation: You are frail. (-10% HP) [potion of
                  | mutation]
 69717 | Zot:5    | Lost mutation: Your body sometimes deteriorates upon taking
                  | damage. [potion of mutation]
 69717 | Zot:5    | Gained mutation: You have sharp toenails. [potion of
                  | mutation]
 69717 | Zot:5    | Gained mutation: You have a pair of small horns on your
                  | head. [potion of mutation]
 69719 | Zot:5    | Lost mutation: You sometimes lose the ability to read
                  | scrolls when taking damage. [potion of mutation]
 69719 | Zot:5    | Gained mutation: Armour fits poorly on your strangely
                  | shaped body. [potion of mutation]
 69721 | Zot:5    | Lost mutation: You have a pair of small horns on your head.
                  | [potion of mutation]
 69721 | Zot:5    | Lost mutation: You expend magic power (3 MP) to strengthen
                  | your wands. [potion of mutation]
 69721 | Zot:5    | Gained mutation: You passively dampen the noise of your
                  | surroundings. [potion of mutation]
 69722 | Zot:5    | Lost mutation: You are agile. (Dex +2) [potion of mutation]
 69722 | Zot:5    | Lost mutation: You passively dampen the noise of your
                  | surroundings. [potion of mutation]
 69722 | Zot:5    | Gained mutation: You are clumsy. (Dex -2) [potion of
                  | mutation]
 69722 | Zot:5    | Lost mutation: You are clumsy. (Dex -2) [potion of
                  | mutation]
 69722 | Zot:5    | Lost mutation: You have sharp toenails. [potion of
                  | mutation]
 69722 | Zot:5    | Gained mutation: You have a somewhat thin skeletal
                  | structure. (Dex +2, Stealth+) [potion of mutation]
 69834 | Zot:5    | Noticed an orb of fire
 69856 | Zot:5    | Killed an orb of fire
 69863 | Zot:5    | Noticed an ancient lich
 69889 | Zot:5    | Killed an ancient lich
 69963 | Zot:5    | Noticed a dread lich
 69983 | Zot:5    | Killed a dread lich
 70159 | Zot:5    | Got the Orb of Zot
 70353 | Depths:2 | Noticed Tuckuim the pandemonium lord
 70722 | D:$      | Escaped with the Orb!

Illustrated notes

Levels and vault maps discovered:
D:1:      saegor_arrival_simple_e, layout_basic
D:2:      layout_basic, minmay_fractal_squares_gapless_5, uniq_sigmund
D:3:      layout_basic, shapermc_ecumenical_altar_pompeii,
          kennysheep_generic_room_12, uniq_crazy_yiuf_cottage, uniq_ijyb,
          uniq_terence
D:4:      layout_layer_cave, mainiacjoe_overflow_paths, kennysheep_path_1
D:5:      layout_loops_cross, grunt_temple_overflow_open,
          minmay_temple_entry_statues, uniq_grinder, uniq_menkaure
D:6:      layout_basic, serial_shops, shop, grunt_potential
D:7:      layout_rooms
D:8:      layout_basic, lemuel_coloured_pillars_altar, minitemple, uniq_maurice,
          uniq_joseph
D:9:      okawaru_arena_lexackson, layout_loops_ring
D:10:     layout_gridville, minmay_lair_entry_grove,
          minmay_shop_enchanted_jewellery
D:11:     kennysheep_ambush_hall, layout_irregular_city, david_orc_4,
          uniq_josephine, uniq_nergalle, uniq_erica
D:12:     layout_basic, serial_shops, nicolae_shop_crystal, drop_trap,
          grunt_qazlal_sundering
D:13:     lemuel_flame_loot_2, layout_basic
D:14:     layout_layer_cave, skrybe_vaults_entry_preservation,
          serial_co_window_serial, co_window_of_opportunity_a,
          co_window_cross_1, co_window_corner_a, co_window_paths_b,
          co_window_paths_b, co_window_corner_a, co_window_2corner,
          co_window_corner_b, co_window_of_opportunity_c, co_window_corner_b,
          co_window_of_opportunity_b, co_window_of_opportunity_b,
          glass_columns_c, drop_trap
D:15:     gammafunk_depths_entry_grave, layout_small_grid
Temple:   jpeg_temple_island
Lair:1:   layout_small_grid, beast_lair_carwin_5, serial_bayou_shore_b,
          lemuel_fruit_fields, minmay_lair_oklob_chamber
Lair:2:   layout_regular_city, elwin_shoals_entry_stream,
          spider_nest_entry_web_field, basic_altar,
          portal_ice_cave_demonic_guard, lemuel_fruit_tree,
          serial_bayou_shore_a, infiniplex_staircase_pool_2
Lair:3:   layout_concentric_octagons, st_stairs_3, serial_bayou_pond_e,
          grunt_megastairs_5
Lair:4:   layout_gridlike, small_statue_intersection, serial_bayou_crossing,
          infiniplex_staircase_pool
Lair:5:   layout_hall_layers, dpeg_slime_entry_enclosed_altar, basic_altar,
          serial_forest, infiniplex_forest_clump_long,
          infiniplex_forest_clump_cross, infiniplex_forest_end_1,
          infiniplex_forest_end_3, infiniplex_forest_end_double,
          infiniplex_forest_clump_long, infiniplex_forest_side_room,
          infiniplex_forest_zigzag_1, columned_hall_lemuel, serial_bayou_pond_e,
          minivault_19, lemuel_fruit_fields
Lair:6:   hangedman_lair_in_review, layout_small_grid, guppyfry_lair_end_dragon,
          guppyfry_lair_drakes, uniq_rupert
Shoals:1: layout_shoals, serial_shops, shop, nicolae_shoals_abyss_on_the_beach
Shoals:2: nicolae_shoals_island_circles, layout_shoals,
          nicolae_shoals_arrival_archipelago
Shoals:3: layout_shoals, serial_shops, shop, nicolae_shop_waterfront,
          nicolae_shop_crystal, shop_statue, nicolae_shop_crystal,
          nicolae_shop_self_help
Shoals:4: shoals_end_simple, layout_shoals
Spider:1: layout_spider_delve, nicolae_spider_undead_wolf_pack, uniq_nikola,
          uniq_azrael
Spider:2: layout_chambers
Spider:3: layout_spider_delve, uniq_arachne
Spider:4: grunt_spider_rune_circles, uniq_kirke
Slime:1:  layout_caves
Orc:1:    layout_diamond_mine, basic_altar
Orc:2:    grunt_orc_cross, layout_caves, basic_altar, statue_in_the_mist_lemuel
Elf:1:    layout_loops_corners, enter_trove_0, serial_glass, glass_columns_c,
          glass_columns_a, glass_columns_c, glass_columns_a, glass_columns_b,
          due_unseen_surprise, feat_on_display, item_on_display_a,
          feat_on_display, minmay_elf_annihilation
Elf:2:    nicolae_elf_blades_splatter_lattice
          [nicolae_blade_entry_diamond_columns], layout_loops_cross,
          serial_shops, shop, billiards_dpeg, minmay_shop_grove,
          lemuel_upstairs_altar
Elf:3:    minmay_elf_hall_x, layout_geoelf_castle
Vaults:1: v_rooms_1, vaults_dpeg_cross, ontoclasm_vaults_gateway,
          grunt_vaults_swirl, hangedman_vaults_snaps,
          nicolae_vaults_network_star, vaults_mumra_hexcomb, vaults_room_fours,
          nicolae_vaults_little_squares_2, grunt_vaults_hallway_short,
          serial_ice_b, nicolae_vaults_gold_heap, layout_vaults_ring,
          serial_shops, bzr_entry_water
Vaults:2: hangedman_vaults_river_flow, minmay_crypt_entry_simple_sparse,
          nicolae_vaults_know_your_exits, vaults_mumra_chevron,
          vaults_room_fancy_cross, hangedman_vaults_capsules, v_rooms_4,
          ontoclasm_vaults_twist, vaults_dpeg_diagonal, v_misc_25,
          vaults_dpeg_hooks, layout_vaults_omnibox, uniq_jory
Vaults:3: vaults_room_grid, v_alt_pattern_2, nicolae_vaults_little_squares_5,
          nicolae_vaults_specimen_jars, dpeg_vaults_waves,
          vaults_standard_mumra_enter_the_diamond, nicolae_vaults_asterisk,
          nicolae_vaults_three_branches, layout_vaults_omnigrid
Vaults:4: vaults_standard_mumra_lines, vaults_room_boxed, v_misc_13,
          grunt_vaults_bifocal, nicolae_vaults_big_angled_halls, v_misc_12,
          grunt_vaults_funnel, hangedman_vaults_trim,
          layout_vaults_chaotic_city, mu_enter_wizlab_5
Vaults:5: serial_shops
Crypt:1:  layout_catacombs, ebering_dispersal_statue_hall
Depths:1: layout_roguey, kennysheep_pointless_box, hangedman_tar_grid_catacomb,
          grunt_ministairs_2, hangedman_ru_absence, serial_bayou_shore_b,
          grunt_megastairs_1, uniq_sojobo, uniq_enchantress
Depths:2: minmay_the_grid_square_5x5_4x4 [minmay_the_grid_square_5x5_longway,
          minmay_the_grid_square_5x5_fat_x, minmay_the_grid_square_5x5_empty,
          minmay_the_grid_square_5x5_tie, minmay_the_grid_square_5x5_plus,
          minmay_the_grid_square_5x5_prize_waves,
          minmay_the_grid_square_5x5_prize_snowflake,
          minmay_the_grid_square_5x5_inner_v,
          minmay_the_grid_square_5x5_tri_point,
          minmay_the_grid_square_5x5_prize_monsterx,
          minmay_the_grid_square_5x5_prize_gold,
          minmay_the_grid_square_5x5_shuriken,
          minmay_the_grid_square_5x5_checkered_statues,
          minmay_the_grid_square_5x5_shrine2,
          minmay_the_grid_square_5x5_bracketed, minmay_the_grid_square_5x5_two],
          layout_cave_pools, enter_ziggurat_d, hell_entry,
          ebering_ghost_rock_garden, abyss_entry_flame_altar,
          rand_demon_pan_entry_1, infiniplex_staircase_diamond
Depths:3: grunt_arcs, layout_basic, rand_demon_pan_entry_9, serial_shops,
          kennysheep_mini_moat, hell_entry, hangedman_decor_points, bloody_trog
Depths:4: minmay_nine_rooms, layout_gridlike, hell_entry, abyss_entry,
          nrook_mini_vaults, infiniplex_staircase_pillars_2,
          serial_bayou_shore_b
Depths:5: grunt_zot_entry_alcove, layout_gridlike,
          nicolae_tso_swordbearing_angel, pf_dread_powers_of_hell,
          serial_sigils, serial_sigils_hangedman_etch,
          serial_sigils_hangedman_scratch, serial_sigils_hangedman_stare,
          serial_sigils_hangedman_shear
Zot:1:    layout_gridlike, bh_zot_ikea_curve
Zot:2:    layout_cellular_growth, hangedman_zot_diagonal_lockstep,
          amethyst_zot_foddershock
Zot:3:    layout_basic, hangedman_zot_decor_scrapings
Zot:4:    layout_cathedral_of_symmetry, hangedman_spider_trapstep
Zot:5:    layout_cathedral_of_symmetry

Skill      XL: |  1  2  3  4  5  6  7  8  9 10 11 12 13 14 15 16 17 18 19 20 21 22 23 24 25 26 27 |
---------------+----------------------------------------------------------------------------------+-----
Axes           | 3 4 5 7 8 10 11 12 13 14 15 16 17 18 | 18.0
Dodging        | 2 4 5 6 7 9 10 11 12 13 17 | 17.0
Fighting       | 4 5 6 7 9 10 11 12 13 14 15 17 18 19 20 21 22 23 26 | 26.8
Armour         | 3 4 5 7 8 10 11 12 13 14 15 16 17 18 19 20 23 | 23.8
Shields        | 2 3 4 8 13 15 17 19 20 21 22 23 24 25 | 25.0
Evocations     | 2 4 5 6 7 8 9 10 11 12 13 14 15 18 | 18.8

Action                   |  1- 3 |  4- 6 |  7- 9 | 10-12 | 13-15 | 16-18 | 19-21 | 22-24 | 25-27 || total
-------------------------+-------+-------+-------+-------+-------+-------+-------+-------+-------++-------
Melee: Hand axe          |    97 |    71 |   161 |       |       |       |       |       |       ||   329
       War axe           |       |       |   214 |   572 |  1549 |  2158 |  1773 |  2131 |  2615 || 11012
       Mace              |       |       |       |    19 |       |       |       |       |       ||    19
       Scimitar          |       |       |       |       |    41 |     6 |       |       |       ||    47
       Broad axe         |       |       |       |       |       |    61 |   126 |   339 |   736 ||  1262
Throw: Dart              |       |       |     5 |    10 |    10 |    19 |     1 |       |     2 ||    47
       Throwing net      |       |       |       |       |       |       |       |       |     1 ||     1
Invok: Berserk           |     3 |     4 |     5 |    11 |    10 |     3 |       |     2 |       ||    38
       Trog's Hand       |       |       |       |     2 |     7 |     1 |    11 |    11 |    10 ||    42
       Brothers in Arms  |       |       |       |       |       |       |       |     4 |     3 ||     7
Evoke: Wand              |       |       |     2 |       |    17 |     1 |     2 |     3 |     9 ||    34
       Condenser vane    |       |       |       |       |       |     1 |     1 |     1 |     2 ||     5
       Box of beasts     |       |       |       |       |       |       |       |     3 |       ||     3
       Phantom mirror    |       |       |       |       |       |       |       |     1 |       ||     1
       Phial of floods   |       |       |       |       |       |       |       |       |     1 ||     1
  Use: Scroll            |       |       |    15 |     5 |     8 |     2 |     4 |     2 |    26 ||    62
       Potion            |       |       |       |       |       |       |     1 |     1 |    26 ||    28
 Stab: Sleeping          |       |       |     1 |       |       |       |       |       |       ||     1
       Invisible         |       |       |       |       |       |     4 |       |     1 |       ||     5
       Confused          |       |       |       |       |       |       |       |       |     1 ||     1
Armor: Animal skin       |    30 |     7 |       |       |       |       |       |       |       ||    37
       Ring mail         |       |    20 |    74 |       |       |       |       |       |       ||    94
       Skin              |       |       |     2 |       |       |       |       |       |       ||     2
       Chain mail        |       |       |   111 |   447 |   784 |  1467 |  1132 |  1372 |   691 ||  6004
       Scale mail        |       |       |    18 |       |       |       |       |       |       ||    18
       Acid dragon scale |       |       |       |       |     4 |       |       |       |       ||     4
       Plate armour      |       |       |       |       |       |       |       |       |  1033 ||  1033
Dodge: Dodged            |    75 |    22 |   177 |   253 |   554 |   783 |   579 |   622 |   885 ||  3950
Block: Buckler           |       |     9 |    85 |   124 |   224 |       |       |       |       ||   442
       Kite shield       |       |       |       |       |   508 |  2057 |  1657 |  1860 |  2395 ||  8477
       Rpst.: Scimitar   |       |       |       |       |     8 |       |       |       |       ||     8
